 Dungeon Crawl Stone Soup version 0.18.1-8-gdd0e5ea (webtiles) character file.

388 cruasano the Skirmisher (level 7, -24/43 HPs)
             Began as a Kobold Fighter on May 29, 2016.
             Was an Initiate of Okawaru.
             Killed from afar by a jackal (28 damage)
             ... with an exploding inner flame
             ... hexed by the player character
             ... on level 4 of the Dungeon.
             The game lasted 00:13:22 (2589 turns).

cruasano the Skirmisher (Kobold Fighter)            Turns: 2589, Time: 00:13:23

Health: -24/43     AC:  7    Str: 16    XL:     7   Next: 7%
Magic:  7/7        EV: 13    Int:  6    God:    Okawaru [......]
Gold:   7          SH:  6    Dex: 16    Spells: 0 memorised, 6 levels left

rFire  . . .     SeeInvis .     a - +0 flail
rCold  . . .     Gourm    .     b - +0 scale mail
rNeg   . . .     Faith    .     k - +0 buckler
rPois  .         Spirit   .     (no helmet)
rElec  .         Dismiss  .     (no cloak)
rCorr  .         Reflect  .     (no gloves)
SustAt .         Harm     .     (no boots)
MR     .....                    o - amulet of regeneration
Stlth  ..........               (no ring)
                                (no ring)

@: not resistant to hostile enchantments, extremely unstealthy
A: carnivore 3
a: Renounce Religion


You were on level 4 of the Dungeon.
You worshipped Okawaru.
Okawaru was noncommittal.
You were not hungry.

You visited 1 branch of the dungeon, and saw 4 of its levels.

You collected 7 gold pieces.

Inventory:

Hand Weapons
 a - a +0 flail (weapon)
 e - a +0 flail
 g - a +0 whip
 l - a +0 hand axe
Armour
 b - a +0 scale mail (worn)
 c - a +0 shield
 j - a +0 leather armour
 k - a +0 buckler (worn)
 n - a +0 ring mail
Jewellery
 o - an amulet of regeneration (around neck)
Scrolls
 h - 2 scrolls of remove curse
 i - a scroll of amnesia
 p - a scroll of teleportation {unknown}
 r - a scroll of fear {unknown}
 u - a scroll of identify
Potions
 d - 3 potions of might
 q - a potion of agility {unknown}
 t - a potion of lignification {unknown}
Comestibles
 m - a meat ration
 s - 2 beef jerkies


   Skills:
 + Level 4.1 Fighting
 + Level 3.3 Maces & Flails
 + Level 3.8 Armour
 + Level 3.3 Dodging
 + Level 3.5 Shields


You had 6 spell levels left.
You didn't know any spells.

Dungeon Overview and Level Annotations

Branches:
Dungeon (4/15)
 Temple: D:4-7

Altars:
Okawaru


Innate Abilities, Weirdness & Mutations

You are small and have problems with some larger weapons.
You are carnivorous and can eat meat at any time.


Message History

The creatures around you are filled with an inner flame!
The hound pauses to sniff the ground.
You block the hound's attack. The jackal misses you.
The jackal bites you but does no damage.
The hound bites you but does no damage. The jackal closely misses you.
You sock the jackal!
The jackal explodes!
The fiery explosion engulfs the hound.
The hound explodes!
The fiery explosion engulfs you!
Ouch! That really hurt!
* * * LOW HITPOINT WARNING * * *
Okawaru accepts your kill.
You have reached level 7!
The fiery explosion engulfs the jackal.
The jackal explodes!
Okawaru accepts your kill. The fiery explosion engulfs you!
Ouch! That really hurt!
You die...

#......#
+......#
#).....#
.##......#
.........#
......§.§#
......§§§#
#########§###
#......§§@h.#
#>.....§.§..#
#...........#
#...........#
#...........#
+....%......#
#.......<...#
..############
...


You could see a jackal (inner flame).

Vanquished Creatures
  Grinder (D:3)
  A hound (D:4)
  3 gnolls (D:2)
  8 adders
  An ooze (D:3)
  A giant gecko (D:3)
  6 bats (D:2)
  A giant cockroach (D:1)
  7 goblins
  6 hobgoblins
  A jackal (D:4)
  3 ball pythons
  A giant newt (D:2)
  6 kobolds
  7 rats
53 creatures vanquished.

Notes
Turn   | Place    | Note
--------------------------------------------------------------
     0 | D:1      | cruasano the Kobold Fighter began the quest for the Orb.
     0 | D:1      | Reached XP level 1. HP: 14/14 MP: 1/1
   388 | D:1      | You fall through a shaft!
   411 | D:2      | Reached XP level 2. HP: 17/19 MP: 2/2
   417 | D:2      | Reached skill level 1 in Dodging
   417 | D:2      | Reached XP level 3. HP: 15/23 MP: 3/3
   724 | D:2      | Reached XP level 4. HP: 26/28 MP: 4/4
  1693 | D:2      | Reached XP level 5. HP: 31/32 MP: 5/5
  2155 | D:3      | Noticed Grinder
  2155 | D:3      | Paralysed by Grinder for 4 turns
  2171 | D:3      | Paralysed by Grinder for 2 turns
  2176 | D:3      | Paralysed by Grinder for 7 turns
  2187 | D:3      | Killed Grinder
  2187 | D:3      | Reached XP level 6. HP: 22/38 MP: 6/6
  2220 | D:3      | Found an iron altar of Okawaru.
  2229 | D:3      | Became a worshipper of Warmaster Okawaru
  2434 | D:3      | Reached skill level 4 in Fighting
  2589 | D:4      | Reached XP level 7. HP: 4/43 MP: 7/7
  2589 | D:4      | Killed from afar by a jackal

Skill      XL: |  1  2  3  4  5  6 |
---------------+-------------------+-----
Dodging        | 1 3 |  3.3
Shields        | 3 |  3.5
Armour         | 3 |  3.8
Maces & Flails | 3 |  3.3
Fighting       | 4 |  4.1

Action                   |  1- 3 |  4- 6 |  7- 9 || total
-------------------------+-------+-------+-------++-------
Melee: Flail             |    65 |   170 |       ||   235
  Use: Scroll            |     1 |     4 |       ||     5
  Eat: Meat ration       |       |     1 |       ||     1
Armor: Scale mail        |    39 |    75 |       ||   114
Dodge: Dodged            |    31 |   109 |       ||   140
Block: Shield            |    35 |    33 |       ||    68
       Buckler           |       |    50 |       ||    50
